CAL (WIN)
POTOMAC NATIONALS @ SALEM RED SOX
12/14/2045
 
TOP OF THE 1ST
Potomac Nationals batting - Pitching for Salem Red Sox : RHP Andy Garvin
Pitching: RHP Andy Garvin
Batting: RHB John Savard 0-0: Foul Ball, location: 2F
0-1: Ball
1-1: Ball
2-1: Ball
3-1: Base on Balls
Batting: RHB Gabe Almazan 0-0: Ball
John Savard steals 2nd base (no throw)
1-0: Swinging Strike
1-1: Swinging Strike
1-2: Strikes out swinging
Batting: LHB Kyung-jin Cho 0-0: Foul Ball, location: 2F
0-1: Foul Ball, location: 2F
0-2: Ball
1-2: Ball
2-2: Ball
3-2: Strikes out looking
Batting: RHB Nick Moreno 0-0: DOUBLE (Line Drive, 3D, EV 100.0 MPH)
John Savard scores
Batting: RHB Tylor Cyr 0-0: Called Strike
0-1: Foul Ball, location: 2F
0-2: Strikes out looking
Top of the 1st over - 1 run, 1 hit, 0 errors, 1 left on base; Potomac 1 - Salem 0
BOTTOM OF THE 1ST
Salem Red Sox batting - Pitching for Potomac Nationals : RHP Brian Walker
Pitching: RHP Brian Walker
Batting: RHB Sal Rivera 0-0: Foul Ball, location: 2F
0-1: Ball
1-1: Ground out 6-3 (Groundball, 6, EV 89.4 MPH)
Batting: RHB Aukukero Tairi 0-0: Foul Ball, location: 2F
0-1: Swinging Strike
0-2: Foul Ball, location: 2F
0-2: Ball
1-2: Strikes out swinging
Batting: RHB Jose Diaz 0-0: Swinging Strike
0-1: Ball
1-1: Ground out 6-3 (Groundball, 6, EV 78.1 MPH)
Bottom of the 1st over - 0 runs, 0 hits, 0 errors, 0 left on base; Potomac 1 - Salem 0
TOP OF THE 2ND
Potomac Nationals batting - Pitching for Salem Red Sox : RHP Andy Garvin
Batting: RHB Naofumi Ishida 0-0: Foul Ball, location: 2F
0-1: Called Strike
0-2: Ball
1-2: Ball
2-2: Ground out 4-3 (Groundball, 4, EV 99.4 MPH)
Batting: RHB Marcus Dawson 0-0: Called Strike
0-1: Ground out 1-3 (Groundball, 13, EV 68.1 MPH)
Batting: RHB Bobby Bricker 0-0: Foul Ball, location: 2F
0-1: Swinging Strike
0-2: Foul Ball, location: 2F
0-2: Strikes out swinging
Top of the 2nd over - 0 runs, 0 hits, 0 errors, 0 left on base; Potomac 1 - Salem 0
BOTTOM OF THE 2ND
Salem Red Sox batting - Pitching for Potomac Nationals : RHP Brian Walker
Batting: RHB Adugna Chandu 0-0: Called Strike
0-1: Called Strike
0-2: Ball
1-2: Ball
2-2: Foul Ball, location: 2F
2-2: Foul Ball, location: 2F
2-2: SINGLE (Line Drive, 34, EV 100.0 MPH)
Batting: SHB Greg Shaw 0-0: Grounds into double play, 4-6-3 (Groundball, 34D, EV 106.2 MPH)
Batting: RHB Alex Cardenas 0-0: Called Strike
0-1: Ball
1-1: Ball
2-1: Fly out, F7 (Line Drive, 78D, EV 106.9 MPH)
Bottom of the 2nd over - 0 runs, 1 hit, 0 errors, 0 left on base; Potomac 1 - Salem 0
TOP OF THE 3RD
Potomac Nationals batting - Pitching for Salem Red Sox : RHP Andy Garvin
Batting: RHB Antonio Morado 0-0: Ball
1-0: Called Strike
1-1: Foul Ball, location: 2F
1-2: SOLO HOME RUN (Flyball, 7LD, EV 96.9 MPH), Distance : 361 ft
Batting: RHB John Savard 0-0: Ball
1-0: Ball
2-0: Ball
3-0: Base on Balls
Batting: RHB Gabe Almazan 0-0: Called Strike
0-1: Ball
Wild Pitch!
John Savard to second
1-1: Foul Ball, location: 2F
1-2: Foul Ball, location: 2F
1-2: Ball
2-2: Ball
3-2: Strikes out swinging
Batting: LHB Kyung-jin Cho 0-0: Ball
John Savard steals 3rd base
1-0: Foul Ball, location: 2F
1-1: Foul Ball, location: 2F
1-2: SINGLE (Groundball, P, EV 84.4 MPH) (infield hit)
John Savard scores
Batting: RHB Nick Moreno 0-0: Fly out, F9 (Line Drive, 89M, EV 106.2 MPH)
Batting: RHB Tylor Cyr 0-0: Ball
1-0: Called Strike
1-1: Foul Ball, location: 2F
1-2: Foul Ball, location: 2F
1-2: Ball
2-2: Fly out, F9 (Flyball, 9, EV 83.1 MPH)
Top of the 3rd over - 2 runs, 2 hits, 0 errors, 1 left on base; Potomac 3 - Salem 0
BOTTOM OF THE 3RD
Salem Red Sox batting - Pitching for Potomac Nationals : RHP Brian Walker
Batting: SHB Salvador Padilla 0-0: Ground out 5-3 (Groundball, 5, EV 85.0 MPH)
Batting: RHB Joe Sandoval 0-0: Fly out, F8 (Flyball, 8LD, EV 107.5 MPH)
Batting: RHB Dave Burwell 0-0: Called Strike
0-1: Ground out 5-3 (Groundball, 56S, EV 83.8 MPH)
Bottom of the 3rd over - 0 runs, 0 hits, 0 errors, 0 left on base; Potomac 3 - Salem 0
TOP OF THE 4TH
Potomac Nationals batting - Pitching for Salem Red Sox : RHP Andy Garvin
Batting: RHB Naofumi Ishida 0-0: Fly out, F8 (Flyball, 8RM, EV 88.8 MPH)
Batting: RHB Marcus Dawson 0-0: Swinging Strike
0-1: Foul Ball, location: 2F
0-2: Ball
1-2: Ball
2-2: Strikes out swinging
Batting: RHB Bobby Bricker 0-0: Ball
1-0: Swinging Strike
1-1: Swinging Strike
1-2: Strikes out swinging
Top of the 4th over - 0 runs, 0 hits, 0 errors, 0 left on base; Potomac 3 - Salem 0
BOTTOM OF THE 4TH
Salem Red Sox batting - Pitching for Potomac Nationals : RHP Brian Walker
Batting: RHB Sal Rivera 0-0: Ball
1-0: Ball
2-0: Foul Ball, location: 2F
2-1: Foul Ball, location: 2F
2-2: Strikes out swinging
Batting: RHB Aukukero Tairi 0-0: Called Strike
0-1: Ball
1-1: Bunt missed!
1-2: Foul Ball, location: 2F
1-2: Foul Ball, location: 2F
1-2: Foul Ball, location: 2F
1-2: Ball
2-2: Ball
3-2: Ground out 4-3 (Groundball, 4, EV 103.8 MPH)
Batting: RHB Jose Diaz 0-0: Ball
1-0: Foul Ball, location: 2F
1-1: Swinging Strike
1-2: Foul Ball, location: 2F
1-2: Strikes out swinging, 2-3 out at first.
Bottom of the 4th over - 0 runs, 0 hits, 0 errors, 0 left on base; Potomac 3 - Salem 0
TOP OF THE 5TH
Potomac Nationals batting - Pitching for Salem Red Sox : RHP Andy Garvin
Batting: RHB Antonio Morado 0-0: Ball
1-0: Called Strike
1-1: Called Strike
1-2: Ball
2-2: Strikes out swinging
Batting: RHB John Savard 0-0: Ground out U3 (Groundball, 3, EV 101.9 MPH)
Batting: RHB Gabe Almazan 0-0: Ball
1-0: Called Strike
1-1: Foul Ball, location: 2F
1-2: Foul Ball, location: 2F
1-2: Ball
2-2: Strikes out swinging
Top of the 5th over - 0 runs, 0 hits, 0 errors, 0 left on base; Potomac 3 - Salem 0
BOTTOM OF THE 5TH
Salem Red Sox batting - Pitching for Potomac Nationals : RHP Brian Walker
Batting: RHB Adugna Chandu 0-0: Ball
1-0: Called Strike
1-1: SINGLE (Flyball, 34D, EV 84.4 MPH)
Batting: SHB Greg Shaw 0-0: Ball
1-0: Ball
2-0: SINGLE (Line Drive, 7S, EV 88.1 MPH)
Adugna Chandu to second
Batting: RHB Alex Cardenas 0-0: Fly out, F8 (Flyball, 8LM, EV 81.2 MPH)
Batting: SHB Salvador Padilla 0-0: Ball
1-0: Called Strike
1-1: Foul Ball, location: 2F
1-2: Fly out, F8 (Line Drive, 8RM, EV 92.5 MPH)
Batting: RHB Joe Sandoval 0-0: Swinging Strike
0-1: Ground out 5-3 (Groundball, 56S, EV 84.4 MPH)
Bottom of the 5th over - 0 runs, 2 hits, 0 errors, 2 left on base; Potomac 3 - Salem 0
TOP OF THE 6TH
Potomac Nationals batting - Pitching for Salem Red Sox : RHP Andy Garvin
Pitching: RHP Teruhiko Ushijima
Batting: LHB Kyung-jin Cho 0-0: Called Strike
0-1: Foul Ball, location: 2F
0-2: Ball
1-2: Strikes out swinging
Batting: RHB Nick Moreno 0-0: Called Strike
0-1: Ball
1-1: SOLO HOME RUN (Flyball, 7D, EV 97.5 MPH), Distance : 381 ft
Batting: RHB Tylor Cyr 0-0: Called Strike
0-1: Called Strike
0-2: Ball
1-2: Ball
2-2: DOUBLE (Groundball, 5L, EV 101.9 MPH)
Batting: RHB Naofumi Ishida 0-0: Foul Ball, location: 2F
0-1: Called Strike
0-2: Strikes out looking
Batting: RHB Marcus Dawson 0-0: Ball
1-0: Swinging Strike
1-1: Called Strike
1-2: Foul Ball, location: 2F
1-2: Strikes out swinging
Top of the 6th over - 1 run, 2 hits, 0 errors, 1 left on base; Potomac 4 - Salem 0
BOTTOM OF THE 6TH
Salem Red Sox batting - Pitching for Potomac Nationals : RHP Brian Walker
Batting: RHB Dave Burwell 0-0: Foul Ball, location: 2F
0-1: Ball
1-1: DOUBLE (Line Drive, 78D, EV 110.6 MPH)
Batting: RHB Sal Rivera 0-0: Called Strike
0-1: Called Strike
0-2: Strikes out looking
Batting: RHB Aukukero Tairi 0-0: Called Strike
0-1: Ground out 5-3 (Groundball, 56S, EV 88.1 MPH)
Batting: RHB Jose Diaz 0-0: Swinging Strike
0-1: Ball
1-1: Foul Ball, location: 2F
1-2: Strikes out looking
Bottom of the 6th over - 0 runs, 1 hit, 0 errors, 1 left on base; Potomac 4 - Salem 0
TOP OF THE 7TH
Potomac Nationals batting - Pitching for Salem Red Sox : RHP Teruhiko Ushijima
Batting: RHB Bobby Bricker 0-0: Swinging Strike
0-1: Ball
1-1: Called Strike
1-2: Foul Ball, location: 2F
1-2: Foul Ball, location: 2F
1-2: Strikes out swinging
Batting: RHB Antonio Morado 0-0: Called Strike
0-1: Ball
1-1: Called Strike
1-2: Foul Ball, location: 2F
1-2: Strikes out swinging
Batting: RHB John Savard 0-0: Ball
1-0: Ball
2-0: Foul Ball, location: 2F
2-1: Ball
3-1: DOUBLE (Line Drive, 78D, EV 104.4 MPH)
Batting: RHB Gabe Almazan 0-0: Called Strike
0-1: Ball
Passed Ball!
John Savard to third
1-1: Called Strike
1-2: Ball
2-2: Foul Ball, location: 2F
2-2: Strikes out looking
Top of the 7th over - 0 runs, 1 hit, 0 errors, 1 left on base; Potomac 4 - Salem 0
BOTTOM OF THE 7TH
Salem Red Sox batting - Pitching for Potomac Nationals : RHP Brian Walker
Batting: RHB Adugna Chandu 0-0: Ball
1-0: Called Strike
1-1: Foul Ball, location: 2F
1-2: DOUBLE (Flyball, 8RXD, EV 99.4 MPH)
Batting: SHB Greg Shaw 0-0: Foul Ball, location: 2F
0-1: Ground out 4-3 (Groundball, 4, EV 80.0 MPH)
Adugna Chandu to third
Batting: RHB Alex Cardenas 0-0: Called Strike
0-1: Called Strike
0-2: Ground out 1-3 (Groundball, 34S, EV 68.1 MPH)
Pitching: RHP Brent Wainwright
Batting: SHB Salvador Padilla 0-0: Ball
1-0: Swinging Strike
1-1: Foul Ball, location: 2F
1-2: Fly out, F8 (Flyball, 89M, EV 86.9 MPH)
Bottom of the 7th over - 0 runs, 1 hit, 0 errors, 1 left on base; Potomac 4 - Salem 0
TOP OF THE 8TH
Potomac Nationals batting - Pitching for Salem Red Sox : RHP Teruhiko Ushijima
Pitching: RHP Dan Jenkins
Batting: LHB Kyung-jin Cho 0-0: Called Strike
0-1: Ball
1-1: Ball
2-1: Foul Ball, location: 2F
2-2: Ball
3-2: Foul Ball, location: 2F
3-2: Strikes out swinging
Batting: RHB Nick Moreno 0-0: Fly out, F7 (Flyball, 78D, EV 78.8 MPH)
Batting: RHB Tylor Cyr 0-0: Ball
1-0: Swinging Strike
1-1: Called Strike
1-2: Foul Ball, location: 2F
1-2: Ball
2-2: Ball
3-2: Strikes out swinging
Top of the 8th over - 0 runs, 0 hits, 0 errors, 0 left on base; Potomac 4 - Salem 0
BOTTOM OF THE 8TH
Salem Red Sox batting - Pitching for Potomac Nationals : RHP Brent Wainwright
Batting: RHB Joe Sandoval 0-0: Called Strike
0-1: Swinging Strike
0-2: Ground out 5-3 (Groundball, 56, EV 83.1 MPH)
Pinch Hitting: LHB Julian Toney 0-0: Foul Ball, location: 2F
0-1: Called Strike
0-2: Ball
1-2: Ball
2-2: Ball
3-2: Ground out U3 (Groundball, 3L, EV 109.4 MPH)
Batting: RHB Sal Rivera 0-0: Ball
1-0: Ball
2-0: Ball
3-0: Called Strike
3-1: Foul Ball, location: 2F
3-2: Foul Ball, location: 2F
3-2: Strikes out looking
Bottom of the 8th over - 0 runs, 0 hits, 0 errors, 0 left on base; Potomac 4 - Salem 0
TOP OF THE 9TH
Potomac Nationals batting - Pitching for Salem Red Sox : RHP Dan Jenkins
Now in LF: Julian Toney
Batting: RHB Naofumi Ishida 0-0: Ball
1-0: Ball
2-0: Called Strike
2-1: Foul Ball, location: 2F
2-2: Ball
3-2: Foul Ball, location: 2F
3-2: Strikes out looking
Batting: RHB Marcus Dawson 0-0: Swinging Strike
0-1: Ball
1-1: Swinging Strike
1-2: Foul Ball, location: 2F
1-2: Strikes out looking
Batting: RHB Bobby Bricker 0-0: Ball
1-0: Ball
2-0: Called Strike
2-1: Called Strike
2-2: Foul Ball, location: 2F
2-2: Strikes out swinging
Top of the 9th over - 0 runs, 0 hits, 0 errors, 0 left on base; Potomac 4 - Salem 0
BOTTOM OF THE 9TH
Salem Red Sox batting - Pitching for Potomac Nationals : RHP Brent Wainwright
Pitching: RHP Steve Barnes
Batting: RHB Aukukero Tairi 0-0: Ball
1-0: Ball
2-0: Ball
3-0: Called Strike
3-1: Foul Ball, location: 2F
3-2: Strikes out swinging
Batting: RHB Jose Diaz 0-0: Ball
1-0: Ball
2-0: Called Strike
2-1: Called Strike
2-2: Ball
3-2: Strikes out swinging
Batting: RHB Adugna Chandu 0-0: Ball
1-0: Ball
2-0: Called Strike
2-1: Foul Ball, location: 2F
2-2: Foul Ball, location: 2F
2-2: Foul Ball, location: 2F
2-2: Fly out, F8 (Flyball, 78S, EV 70.6 MPH)
Bottom of the 9th over - 0 runs, 0 hits, 0 errors, 0 left on base; Potomac 4 - Salem 0
Wednesday, June 22nd , 2022 - OOTP Baseball 23.4 Build 64